 Dungeon Sprint DCSS version 0.20-a0-315-g8346a86 (webtiles) character file.

8161 profreshinal the Imperceptible (level 11, 45/45 HPs)
             Began as a Felid Enchanter on Dec 20, 2016.
             Was the Champion of Dithmenos.
             Quit the game in the Dungeon (Sprint I: "Red Sonja").
             The game lasted 00:41:47 (3465 turns).

profreshinal the Imperceptible (Felid Enchanter)    Turns: 3465, Time: 00:41:48

Health: 45/45      AC:  3    Str:  4    XL:     11   Next: 6%
Magic:  26/26      EV: 32    Int: 23    God:    Dithmenos [******]
Gold:   2401       SH:  0    Dex: 17    Spells: 15/31 levels left
                                        Lives:  0   Deaths: 3

rFire  + . .     SeeInvis +       - Unarmed
rCold  + . .     Gourm    .     (armour unavailable)
rNeg   . . .     Faith    .     (shield unavailable)
rPois  .         Spirit   .     (helmet unavailable)
rElec  .         Reflect  .     (cloak unavailable)
rCorr  .         Harm     .     (gloves unavailable)
MR     +....     NoTele   +     (boots unavailable)
Stlth  ++++++++++               m - amulet of magic regeneration
                                o - ring of protection from fire
                                e - ring of stealth

@: wreathed by umbra, quick
A: no armour, no weapons or thrown items, stealth, claws 1, fangs 3, horns 1,
see invisible, carnivore 3, clever 1, speed 1, shaggy fur 3, slow metabolism 1,
no device heal 1, sharp paws
a: Shadow Step, Shadow Form, Renounce Religion


You were in the Dungeon.
You worshipped Dithmenos.
Dithmenos was exalted by your worship.
You were not hungry.

You visited 1 branch You collected 3753 gold pieces.
You spent 1352 gold pieces at shops.

Inventory:

Jewellery
 e - a ring of stealth (left paw)
 m - an amulet of magic regeneration (around neck)
 o - a ring of protection from fire (right paw)
Scrolls
 d - 2 scrolls of identify {unknown}
 g - a scroll of recharging {unknown}
 h - 2 scrolls of blinking
 i - a scroll of vulnerability {unknown}
 k - 2 scrolls of enchant weapon {unknown}
 l - a scroll of fog
 n - a scroll of remove curse
Potions
 c - 2 potions of curing
 f - 2 potions of magic
 p - a potion of cancellation
 q - a potion of degeneration
 t - a potion of haste
 u - a potion of heal wounds
 v - a potion of cure mutation
Books
 a - a book of Maledictions

   Spells                             Type                      Level
   a - Corona                         Hexes                        1
   b - Ensorcelled Hibernation        Hexes/Ice                    2
   c - Confuse                        Hexes                        3
   d - Tukima's Dance                 Hexes                        3
   e - Dazzling Spray                 Conjuration/Hexes            3
 j - a book of Misfortune

   Spells                             Type                      Level
   a - Confusing Touch                Hexes                        1
   b - Confuse                        Hexes                        3
   c - Gell's Gravitas                Hexes/Translocation          3
   d - Petrify                        Transmutation/Earth          4
   e - Metabolic Englaciation         Hexes/Ice                    5
   f - Yara's Violent Unravelling     Hexes/Transmutation          5
Miscellaneous
 r - a fan of gales
Comestibles
 b - 2 meat rations


   Skills:
 + Level 3.8 Fighting
 + Level 17.0 Dodging
 + Level 22.8 Stealth
 + Level 15.3 Unarmed Combat
 + Level 10.5 Spellcasting
 + Level 18.5 Hexes
 + Level 7.9 Transmutations
 + Level 6.6 Ice Magic
 - Level 10.2 Invocations


You had 15 spell levels left.
You knew the following spells:

 Your Spells              Type           Power        Failure   Level  Hunger
a - Corona                Hex            #######      0%          1    None
b - Ensorcelled Hibernat  Hex/Ice        ######       1%          2    None
c - Confuse               Hex            #######.     0%          3    None
d - Yara's Violent Unrav  Hex/Tmut       ######....   1%          5    ####...
e - Metabolic Englaciati  Hex/Ice        ######....   1%          5    ####...


Dungeon Overview and Level Annotations

Branches:
Dungeon (1/1)

Altars:
Cheibriados
Dithmenos
Elyvilon
Fedhas
Gozag
Hepliaklqana
Kikubaaqudgha
Makhleb
Nemelex Xobeh
Okawaru
Qazlal
Ru
Sif Muna
Trog
Uskayaw
Vehumet
Xom
Yredelemnul
Zin
The Shining One
Jiyva
Lugonu

Shops:
D [[(:=?%**%(!([(!***[!(

Annotations:
D exclusion: oklob plant, Lernaean hydra, Lom Lobon, Tiamat


Innate Abilities, Weirdness & Mutations

You cannot wear armour.
You are incapable of wielding weapons or throwing items.
Your paws allow you to move quietly. (Stealth)
You have sharp claws.
You have razor-sharp teeth.
You have supernaturally acute eyesight. (SInv)
You are carnivorous and can eat meat at any time.
You cover ground quickly.
Your thick and shaggy fur keeps you warm. (AC +3, rC+)
You have a slow metabolism.
Your sharp claws are effective at attacking unaware monsters.
You have a pair of small horns on your head.
Your mind is acute. (Int +2)
Potions and wands are less effective at restoring your health.


Message History

There is an arrow trap here.
You are engulfed in dark miasma.
You are more poisoned.
You feel your flesh rotting away!
You feel very sick.
You are engulfed in dark miasma.
You are more poisoned.
* * * LOW HITPOINT WARNING * * *
You feel very sick.
* * * LOW HITPOINT WARNING * * *
You feel very sick.
Okay, then.
* * * LOW HITPOINT WARNING * * *
You feel very sick.
Your system partially rejects the healing.
You feel better.
You are engulfed in dark miasma.
You are lethally poisoned!
You feel yourself slow down.
You die...
You are now level 11!
You rejoin the land of the living...
Are you sure you want to abandon this character and quit the game? (Confirm with "yes".)

.####'###.###.#§§##*,,**#.§#+###.
..'.....'[∩##.#§§#***,,*##...#P≈.
))###########§##'#,,*,,*,###.#.D.
.###.......##.##.#,,,,,,,,,#.###.
'#.#......§§§§####,,,,,,,,,#.#§§.
...#'''######§#,,+,,,,,,####'#§##
.(.#.§.....§#.#####,,,###....#§#≈
####....§.§#§§#.(.#####...####§#≈
.).......§≈####)@.=.)...###§.§§#≈
([.......≈≈##.).....#####...§####
.......≈≈≈###.(..).##..§§....#..#
##..≈≈≈≈### #(.)..##.§§§.§..§#...
#'######'####.....#.....§§§§§#...
∩########∩∩########***#.§&§.§#...
∩∩∩∩∩∩∩∩∩∩###≈≈≈≈≈≈≈≈d#§.§§.§####
########### ###########§§..§§+,,*
#..0..+§§§§§§§..§#,,+


There were no monsters in sight!

Vanquished Creatures
  A golden dragon (D)
  A shadow dragon (D)
  4 fire giants (D)
  A deep elf annihilator (D)
  A mummy priest (D)
  A hydra (D)
  2 centaur warriors (D)
  Sonja (D)
  7 unseen horrors (D)
  A deep troll (D)
  A lindwurm (D)
  8 shining eyes (D)
  An oklob plant (D)
  2 merfolk sirens (D)
  A gargoyle (D)
  2 kobold demonologists (D)
  A hellwing (D)
  4 demonic crawlers (D)
  5 hornets (D)
  A slime creature (D)
  Sigmund (D)
  2 redbacks (D)
  A yak (D)
  13 hogs (D)
  7 floating eyes (D)
  7 necrophages (D)
  An ogre (D)
  Ijyb (D)
  8 jellies (D)
  5 ballistomycetes (D)
  A ballistomycete spore (D)
93 creatures vanquished.

Vanquished Creatures (others)
  A gargoyle (D)
  A ballistomycete spore (D)
2 creatures vanquished.

Grand Total: 95 creatures vanquished

Notes
Turn   | Place    | Note
-------+----------+-------------------------------------------
     0 | D        | profreshinal the Felid Enchanter began the quest for the Orb.
     0 | D        | Reached XP level 1. HP: 7/7 MP: 4/4
     1 | D        | Noticed Ijyb
    11 | D        | Killed Ijyb
    11 | D        | Reached skill level 8 in Stealth
    11 | D        | Reached XP level 2. HP: 11/11 MP: 3/6
    39 | D        | Noticed an ogre
    41 | D        | Killed an ogre
    41 | D        | Reached skill level 11 in Stealth
    41 | D        | Reached skill level 5 in Unarmed Combat
    41 | D        | Reached XP level 3. HP: 12/14 MP: 7/7
    41 | D        | Reached XP level 4. HP: 15/18 MP: 8/8
    61 | D        | Noticed Sigmund
    63 | D        | Killed Sigmund
    63 | D        | Reached skill level 14 in Stealth
    63 | D        | Reached XP level 5. HP: 19/21 MP: 9/9
    78 | D        | Found a deep blue altar of Sif Muna.
    80 | D        | Found a radiant altar of Vehumet.
    84 | D        | Gained mutation: You are covered in thick fur. (AC +2) [Felid growth]
    84 | D        | Reached XP level 6. HP: 24/24 MP: 10/10
   108 | D        | Learned a level 2 spell: Ensorcelled Hibernation
   112 | D        | Learned a level 3 spell: Confuse
   112 | D        | Found Oxzinn's Book Emporium.
   112 | D        | Found an ancient bone altar of Kikubaaqudgha.
   112 | D        | Found a hazy altar of Hepliaklqana.
   112 | D        | Found a hide-covered altar of Uskayaw.
   112 | D        | Found a basalt altar of Yredelemnul.
   112 | D        | Found an opulent altar of Gozag.
   112 | D        | Found a snail-covered altar of Cheibriados.
   112 | D        | Found a sacrificial altar of Ru.
   112 | D        | Found a shadowy altar of Dithmenos.
   112 | D        | Noticed a yak
   113 | D        | Found a stormy altar of Qazlal.
   113 | D        | Found a blossoming altar of Fedhas.
   113 | D        | Found a bloodstained altar of Trog.
   113 | D        | Found an iron altar of Okawaru.
   113 | D        | Found a glowing golden altar of the Shining One.
   113 | D        | Found a glowing silver altar of Zin.
   113 | D        | Found a white marble altar of Elyvilon.
   114 | D        | Killed a yak
   114 | D        | Reached skill level 16 in Stealth
   115 | D        | Found a sparkling altar of Nemelex Xobeh.
   121 | D        | Became a worshipper of Dithmenos the Shadowed
   124 | D        | Bought a book of Misfortune for 280 gold pieces
   130 | D        | Noticed Sonja
   134 | D        | Killed Sonja
   134 | D        | Reached XP level 7. HP: 27/27 MP: 10/14
   144 | D        | Noticed a deep troll
   148 | D        | Killed a deep troll
   148 | D        | Reached skill level 17 in Stealth
   148 | D        | Reached skill level 10 in Unarmed Combat
   148 | D        | Reached skill level 5 in Spellcasting
   148 | D        | Reached XP level 8. HP: 31/31 MP: 11/17
   160 | D        | Found Fuwniti's Armour Emporium.
   193 | D        | Found a burning altar of Makhleb.
   193 | D        | Found a shimmering altar of Xom.
   193 | D        | Noticed a slime creature
   194 | D        | Found a viscous altar of Jiyva.
   194 | D        | Found a corrupted altar of Lugonu.
   196 | D        | Killed a slime creature
   196 | D        | Reached * piety under Dithmenos
   209 | D        | Noticed a kobold demonologist
   210 | D        | Noticed a kobold demonologist
   231 | D        | Noticed a sixfirhy
   233 | D        | Killed a kobold demonologist
   233 | D        | Reached skill level 10 in Hexes
   233 | D        | Reached XP level 9. HP: 34/34 MP: 11/19
   235 | D        | Noticed an orange demon
   236 | D        | Killed a kobold demonologist
   236 | D        | Reached ** piety under Dithmenos
   236 | D        | Reached skill level 18 in Stealth
   444 | D        | Noticed a centaur warrior
   444 | D        | Noticed a centaur warrior
   449 | D        | Killed a centaur warrior
   449 | D        | Reached skill level 10 in Dodging
   456 | D        | Mangled by a centaur warrior
   457 | D        | Reached XP level 8. HP: -8/31 MP: 3/20
   484 | D        | Killed a centaur warrior
   484 | D        | Reached XP level 9. HP: 18/34 MP: 13/21
   515 | D        | Noticed an oklob plant
   517 | D        | Killed an oklob plant
   517 | D        | Reached *** piety under Dithmenos
   517 | D        | Reached skill level 19 in Stealth
   525 | D        | Reached skill level 1 in Invocations
   533 | D        | Reached **** piety under Dithmenos
   552 | D        | Noticed an unseen horror
   552 | D        | Noticed an unseen horror
   557 | D        | Killed an unseen horror
   558 | D        | Killed an unseen horror
   558 | D        | Reached XP level 10. HP: 27/37 MP: 18/23
   566 | D        | Reached ***** piety under Dithmenos
   627 | D        | Found Ethinoofeu's Assorted Antiques.
   627 | D        | Found Axatiu Laym's Food Shop.
   627 | D        | Found Wagomi's Assorted Antiques.
   629 | D        | Found Leisisoo's Food Emporium.
   629 | D        | Found Qyonki Tung's Weapon Shop.
   629 | D        | Found Cysmike's Distillery.
   629 | D        | Found Minookk's Antique Weapon Boutique.
   629 | D        | Found Ajuobets's Armour Emporium.
   629 | D        | Found Liepemutyu's Antique Weapon Shop.
   629 | D        | Found Ylopetot's Distillery.
   637 | D        | Found Zeoptoq's Assorted Antiques.
   637 | D        | Found Syuc's Distillery.
   637 | D        | Found Xycu's General Store.
   639 | D        | Found Qatwep's General Store.
   681 | D        | Learned a level 5 spell: Yara's Violent Unravelling
   692 | D        | Found Romeseos's Armour Boutique.
   741 | D        | Killed a gargoyle
   784 | D        | Noticed a shining eye
   784 | D        | Noticed a shining eye
   784 | D        | Noticed a shining eye
   794 | D        | Paralysed by a floating eye for 2 turns
   797 | D        | Gained mutation: You are frail. (-10% HP) [a shining eye]
   802 | D        | Gained mutation: You expend magic power (3 MP) to strengthen your wands. [a shining eye]
   805 | D        | Killed a shining eye
   805 | D        | Reached ****** piety under Dithmenos
   805 | D        | Reached skill level 20 in Stealth
   805 | D        | Reached skill level 5 in Invocations
   808 | D        | Noticed a shining eye
   808 | D        | Noticed a shining eye
   808 | D        | Noticed a shining eye
   808 | D        | Noticed a shining eye
   809 | D        | Killed a shining eye
   810 | D        | Noticed a shining eye
   813 | D        | Killed a shining eye
   815 | D        | Killed a shining eye
   816 | D        | Killed a shining eye
   817 | D        | Paralysed by a floating eye for 2 turns
   820 | D        | Killed a shining eye
   821 | D        | Reached skill level 15 in Hexes
   823 | D        | Killed a shining eye
   823 | D        | Reached XP level 11. HP: 36/36 MP: 12/24
   835 | D        | Killed a shining eye
   837 | D        | Found Soukag's Antique Armour Shoppe.
   837 | D        | Found Mahaedghu's Magic Scroll Boutique.
   837 | D        | Found Henlau's Antique Weapon Emporium.
   838 | D        | Found Huel's Jewellery Shop.
   841 | D        | Bought an uncursed ring of stealth for 175 gold pieces
   844 | D        | Bought a scroll of fog for 20 gold pieces
   844 | D        | Bought a scroll of magic mapping for 35 gold pieces
   844 | D        | Bought a scroll of blinking for 75 gold pieces
   844 | D        | Bought a scroll of remove curse for 30 gold pieces
   909 | D        | Bought a potion of cure mutation for 350 gold pieces
   914 | D        | Bought a potion of mutation for 32 gold pieces
   915 | D        | Bought a potion of cancellation for 80 gold pieces
   915 | D        | Bought a potion of degeneration for 10 gold pieces
   915 | D        | Bought a potion of agility for 40 gold pieces
   915 | D        | Bought a potion of curing for 30 gold pieces
   915 | D        | Bought a potion of flight for 30 gold pieces
   919 | D        | Bought a potion of haste for 110 gold pieces
   919 | D        | Bought a potion of heal wounds for 55 gold pieces
   923 | D        | Lost mutation: You are frail. (-10% HP) [potion of cure mutation]
   923 | D        | Lost mutation: You expend magic power (3 MP) to strengthen your wands. [potion of cure mutation]
   924 | D        | Gained mutation: Potions and wands are less effective at restoring your health. [potion of mutation]
   924 | D        | Gained mutation: Your mind is acute. (Int +2) [potion of mutation]
   924 | D        | Gained mutation: You have a pair of small horns on your head. [potion of mutation]
   951 | D        | Learned a level 5 spell: Metabolic Englaciation
  1123 | D        | Noticed a lindwurm
  1125 | D        | Killed a lindwurm
  1125 | D        | Reached skill level 21 in Stealth
  1332 | D        | Noticed a lorocyproca
  1687 | D        | Reached skill level 15 in Dodging
  1691 | D        | Reached skill level 1 in Transmutations
  1691 | D        | Reached skill level 1 in Ice Magic
  1740 | D        | Noticed a daeva
  1743 | D        | Noticed an unseen horror
  1743 | D        | Noticed an unseen horror
  1743 | D        | Noticed an unseen horror
  1744 | D        | Noticed an unseen horror
  1746 | D        | Killed an unseen horror
  1747 | D        | Noticed an unseen horror
  1750 | D        | Killed an unseen horror
  1753 | D        | Killed an unseen horror
  1757 | D        | Killed an unseen horror
  1759 | D        | Killed an unseen horror
  1871 | D        | Noticed a fire giant
  1872 | D        | Noticed a fire giant
  1872 | D        | Noticed a fire giant
  1872 | D        | Noticed a fire giant
  1873 | D        | Killed a fire giant
  1873 | D        | Gained mutation: Your thick and shaggy fur keeps you warm. (AC +3, rC+) [Felid growth]
  1873 | D        | Reached XP level 12. HP: 44/44 MP: 20/26
  1875 | D        | Killed a fire giant
  1877 | D        | Killed a fire giant
  1877 | D        | Reached skill level 22 in Stealth
  1877 | D        | Reached skill level 5 in Transmutations
  1879 | D        | Killed a fire giant
  1887 | D        | Noticed Tiamat
  2073 | D        | Noticed a 12-headed hydra
  2075 | D        | Killed a 12-headed hydra
  2075 | D        | Reached skill level 10 in Invocations
  2089 | D        | Noticed a deep elf annihilator
  2090 | D        | Noticed a mummy priest
  2105 | D        | Reached skill level 5 in Ice Magic
  2763 | D        | Killed a deep elf annihilator
  2763 | D        | Reached skill level 1 in Fighting
  2763 | D        | Reached skill level 10 in Spellcasting
  2777 | D        | Noticed a jiangshi
  2879 | D        | Noticed a jiangshi
  3005 | D        | Noticed a shadow dragon
  3005 | D        | Noticed a golden dragon
  3006 | D        | Killed a golden dragon
  3006 | D        | Reached skill level 15 in Unarmed Combat
  3008 | D        | Killed a shadow dragon
  3008 | D        | Reached XP level 13. HP: 52/52 MP: 24/28
  3073 | D        | Found Itakye's Antique Weapon Shoppe.
  3358 | D        | Killed a mummy priest
  3406 | D        | Noticed the 27-headed Lernaean hydra
  3408 | D        | Slain by the 27-headed Lernaean hydra
  3409 | D        | Reached XP level 12. HP: -4/49 MP: 25/27
  3455 | D        | Noticed Lom Lobon
  3464 | D        | Engulfed by a cloud of foul pestilence
  3465 | D        | Reached XP level 11. HP: -2/45 MP: 26/26
  3465 | D        | Quit the game

Vault maps used:
D:        dungeon_sprint_1

Skill      XL: |  1  2  3  4  5  6  7  8  9 10 11 12 13 |
---------------+----------------------------------------+-----
Stealth        | 8 11 14 16 17 19 20 21 22 | 22.8
Unarmed Combat | 3 5 7 9 10 12 13 14 15 | 15.3
Dodging        | 6 8 9 12 13 15 16 17 | 17.0
Spellcasting   | 4 5 6 8 9 10 | 10.5
Hexes          | 7 9 12 13 15 17 18 | 18.5
Invocations    | 3 6 9 10 | 10.2
Transmutations | 4 7 |  7.9
Ice Magic      | 3 6 |  6.6
Fighting       | 3 |  3.8

Action                   |  1- 3 |  4- 6 |  7- 9 | 10-12 | 13-15 || total
-------------------------+-------+-------+-------+-------+-------++-------
Melee: Unarmed           |     7 |     4 |    48 |   107 |    22 ||   188
       Bite              |     2 |       |     1 |     7 |     3 ||    13
       Punch             |       |       |     2 |     2 |       ||     4
       Headbutt          |       |       |       |     4 |     1 ||     5
 Cast: Corona            |     1 |       |       |       |       ||     1
       Ensorcelled Hiber |       |       |    14 |    23 |       ||    37
       Confuse           |       |       |     3 |    23 |     6 ||    32
       Yara's Violent Un |       |       |       |     2 |       ||     2
Invok: Shadow Step       |       |       |     1 |    11 |       ||    12
       Shadow Form       |       |       |       |     1 |       ||     1
  Use: Potion            |     1 |       |     1 |     7 |     1 ||    10
       Scroll            |       |       |       |     2 |       ||     2
 Stab: Sleeping          |     1 |     4 |    12 |    59 |       ||    76
       Confused          |       |       |     1 |     1 |       ||     2
       Distracted        |       |       |     1 |       |       ||     1
  Eat: Chunk             |       |     6 |     2 |     8 |       ||    16
Armor: Skin              |       |       |       |     1 |     3 ||     4
Dodge: Dodged            |     2 |       |    22 |    79 |    38 ||   141
